 Dungeon Crawl Stone Soup version 0.31-a0-750-gfe7b580527 (webtiles) character file.

Game seed: 3414407713424200578

11 cforsyth the Sneak (level 2, 0/25 HPs)
             Began as a Djinni Delver on Sept 14, 2023.
             Killed from afar by an orc wizard (6 damage)
             ... with a magic dart
             ... on level 5 of the Dungeon.
             The game lasted 00:00:22 (203 turns).

cforsyth the Sneak (Djinni Delver)                   Turns: 203, Time: 00:00:23

Health: 0/25       AC:  3    Str: 11    XL:     2   Next: 40%
Gold:   27         EV: 12    Int: 11    God:
                   SH:  0    Dex: 14

rFire   + + .        a - +0 falchion
rCold   x . .        (no shield)
rNeg    . . .        b - +0 leather armour
rPois   ∞            (no helmet)
rElec   .            (no cloak)
rCorr   .            (no gloves)
SInv    .            (boots unavailable)
Will    .....        (no amulet)
Stlth   ++           (no ring)
HPRegen 0.24/turn    (no ring)
MPRegen 0.00/turn

%: infuse magic (-1 HP)
@: flying
A: sickness immunity, fire resistance 2, cold vulnerability 1, float, innate
caster, HP casting, extra vitality 1
a: no special abilities


You were on level 5 of the Dungeon.
You visited 1 branch of the dungeon, and saw 1 of its levels.

You collected 27 gold pieces.

Inventory:

Hand Weapons
 a - a +0 falchion (weapon)
Armour
 b - a +0 leather armour (worn)
Wands
 g - a wand of digging (3)
Scrolls
 c - a scroll of fog
 d - a scroll of revelation
 e - a scroll of fear
Potions
 f - a potion of haste


   Skills:
 + Level 3.1 Fighting
 + Level 2.0 Long Blades
 + Level 2.4 Dodging
 + Level 4.2 Stealth You didn't know any spells. Your spell library was empty.

Dungeon Overview and Level Annotations

Branches:
Dungeon (5/15)
 Temple: D:4-7

Altars:


Innate Abilities, Weirdness & Mutations

You are immune to sickness and miasma.
You are immune to poison.
Your flesh is very heat resistant. (rF++)
You are vulnerable to cold. (rC-)
You float through the air rather than walking.
You learn spells naturally, not from books.
Your magical power is your life essence.
You have superior vitality. (+4 MHP)


Message History

You closely miss the orc. You hit the orc.
The orc is severely wounded.
The orc completely misses you. The orc barely misses you.
You barely miss the orc.
The orc is severely wounded.
The orc hits you with a +0 club. The orc barely misses you.
The orc hits you with a +0 mace. The orc attacks as it pursues you!
The orc barely misses you. The orc hits you with a +0 club.
The orc attacks as it pursues you! The orc closely misses you.
The orc attacks as it pursues you! The orc hits you with a +0 club.
The orc hits you with a +0 club.
You barely miss the orc.
The orc is severely wounded.
The orc closely misses you.
You closely miss the orc.
The orc is severely wounded.
The orc hits you with a +0 club. The orc attacks as it pursues you!
The orc barely misses you. The orc attacks as it pursues you!
The orc hits you with a +0 club.
You hit the orc.
You kill the orc!
You hit the orc.
The orc is moderately wounded.
The orc wizard gestures wildly while chanting.
The orc wizard flickers and vanishes!
The orc hits you with a +0 flail.
* * * LOW HITPOINT WARNING * * *
You hit the orc.
You kill the orc!
Something hits you but does no damage. Something hits you but does no damage.
A puff of flame appears from out of thin air!
The puff of flame hits you. You resist. The orc wizard casts a spell at you.
The magic dart hits you.
* * * LOW HITPOINT WARNING * * *
The orc wizard points at you and mumbles some strange words.
The magic dart hits you.
You die...

################...
#######................##
#.......################
#.####### #.# ###### #.#
#############..... #.#
#.............####
#.######.############# #
#...<.##@# # #####.##.# #
#.##.# # #.##.# # #.##.#
# #.##o# # #.##.######
#.##.o.o..# #.#######o#


You could see an orc wizard and an orc.

Vanquished Creatures
  An ufetubus (D:5)
  3 orcs (D:5)
4 creatures vanquished.

Notes
Turn   | Place    | Note
-------+----------+-------------------------------------------
     0 | D:5      | cforsyth the Djinni Delver began the quest for the Orb.
     0 | D:5      | Reached XP level 1. HP: 20/20 MP: 0/0
    71 | D:5      | Reached XP level 2. HP: 25/25 MP: 0/0
   157 | D:5      | Noticed a scorpion
   203 | D:5      | Killed from afar by an orc wizard

Illustrated notes

Levels and vault maps discovered:
D:5:      layout_loops_ring, hangedman_decor_peaks_small, minmay_misc_feat_tiny,
          uniq_grinder

Skill      XL: |  1 |
---------------+----+-----
Long Blades    | 2 |  2.0
Fighting       | |  3.1
Dodging        | |  2.4
Stealth        | |  4.2

Action                     || total
---------------------------++-------
  Melee: Falchion          ||    14
         Punch             ||     1
   Stab: Distracted        ||     1
 Armour: Leather armour    ||    16
  Dodge: Dodged            ||    19

Table legend: (Time is in decaauts)
 A = Elapsed time spent in this place.
 B = Non-inter-level travel time spent in this place.
 C = Inter-level travel time spent in this place.
 D = Time resting spent in this place.
 E = Time spent auto-exploring this place.
 F = Levels seen in this place.
 G = Mean time per level.
                   A        B        C        D        E       F      G
               +--------+--------+--------+--------+--------+-----+--------+
         Total |    205 |    205 |      0 |      0 |    139 |   1 |  205.0 |
       Dungeon |    205 |    205 |      0 |      0 |    139 |   1 |  205.0 |
               +--------+--------+--------+--------+--------+-----+--------+

Top non-repeatable levels by time:
     D:5: 205 daAuts
